[Event "Titled Tuesday Blitz June 07 Late 2022"]
[White "Martinez Alcantara, Jose Eduardo"]
[Black "Dubov, Daniil"]
[WhiteFideId "3805662"]
[BlackFideId "24126055"]
[WhiteElo "2703"]
[BlackElo "2791"]
[Result "0-1"]
[Round "06"]
[TimeControl "180+1"]
[Date "2022.06.07"]
[WhiteClock "0:00:01"]
[BlackClock "0:00:17"]

1. e4 e5 2. Nf3 Nc6 3. Bb5 a6 4. Ba4 Nf6 5. d3 b5 6. Bb3 Be7 7. Nc3 O-O 8. a3 Rb8 9. O-O d6 10. h3 h6 11. Be3 Re8 12. Nd5 Bf8 13. c3 Nxd5 14. Bxd5 Ne7 15. Ba2 Ng6 16. b4 Be6 17. Bxe6 Rxe6 18. a4 d5 19. axb5 axb5 20. Qb3 dxe4 21. dxe4 Qd3 22. Rfe1 Rc6 23. Bd2 Rf6 24. Re3 Qd7 25. Qc2 Rd8 26. Rd1 c5 27. Kh2 cxb4 28. cxb4 Bxb4 29. Qb3 Bc5 30. Ree1 Rd6 31. Rc1 Bxf2 32. Rf1 Bb6 33. Bc3 Rd3 34. Qb1 Be3 35. Rc2 Bf4+ 36. g3 Be3 37. Qb2 Rc8 38. Re1 Bb6 39. Rf1 Rc4 40. Bxe5 Nxe5 0-1


[Site "https://www.chess.com"]

[Event "Titled Tuesday Blitz June 07 Late 2022"]
[White "Matlakov, Maxim"]
[Black "Bernadskiy, Vitaliy"]
[WhiteFideId "4168003"]
[BlackFideId "14100371"]
[WhiteElo "2669"]
[BlackElo "2473"]
[Result "1-0"]
[Round "06"]
[TimeControl "180+1"]
[Date "2022.06.07"]
[WhiteClock "0:00:14"]
[BlackClock "0:00:05"]

1. Nf3 b6 2. g3 Bb7 3. Bg2 g6 4. O-O Bg7 5. d4 Nf6 6. c4 O-O 7. d5 d6 8. Nc3 e5 9. e4 a5 10. b3 Na6 11. Rb1 Nc5 12. Qc2 Nh5 13. a3 f5 14. exf5 Bc8 15. g4 gxf5 16. gxh5 f4 17. b4 Bf5 18. Qe2 axb4 19. axb4 Bd3 20. Qd1 e4 21. bxc5 Bxc3 22. Rb3 Bxf1 23. Bxf1 Bg7 24. Nd2 Qg5+ 25. Kh1 Ra1 26. Nxe4 Qe5 27. Bd3 Rfa8 28. f3 Qxh5 29. Bb1 Kh8 30. Bxf4 Bd4 31. Qxd4+ 1-0


[Site "https://www.chess.com"]

[Event "Titled Tuesday Blitz June 07 Late 2022"]
[White "Moroni, Luca Jr"]
[Black "Terry, Renato"]
[WhiteFideId "865834"]
[BlackFideId "3803457"]
[WhiteElo "2573"]
[BlackElo "2577"]
[Result "0-1"]
[Round "06"]
[TimeControl "180+1"]
[Date "2022.06.07"]
[WhiteClock "0:00:05"]
[BlackClock "0:00:27"]

1. d4 d5 2. Bf4 Nf6 3. e3 c5 4. Nf3 Nc6 5. Nbd2 Bg4 6. c3 e6 7. Qb3 Qb6 8. Qxb6 axb6 9. Bb5 Nd7 10. h3 Bh5 11. Ne5 Ndxe5 12. Bxe5 Kd7 13. O-O f6 14. Bg3 Bd6 15. Bxd6 Kxd6 16. Rfe1 Rhd8 17. a3 Na5 18. e4 cxd4 19. cxd4 Rac8 20. e5+ Ke7 21. Bd3 Bg6 22. Bxg6 hxg6 23. exf6+ gxf6 24. Rac1 b5 25. Nf3 Nb3 26. Rcd1 Rc2 27. Re3 Rxb2 28. Rc3 Na5 29. Ne1 Nc4 30. Nd3 Ra2 31. Rb1 Rxa3 32. Rxa3 Nxa3 33. Rb3 Ra8 34. h4 Ra7 35. g4 Nc2 36. Rxb5 Nxd4 37. Rb6 Nf3+ 38. Kg2 Nxh4+ 39. Kg3 g5 40. Nc5 e5 41. Re6+ Kf7 42. Rd6 Ra3+ 43. Kh2 d4 44. Rd7+ Ke8 45. Rxb7 Rf3 46. Ne4 Rf4 47. Nd6+ Kf8 48. Rf7+ Kg8 49. Rd7 Rxf2+ 50. Kg3 Rf3+ 51. Kh2 d3 52. Ne4 Rf4 53. Nc5 Rxg4 54. Ne6 Nf3+ 55. Kh3 Rg1 56. Rg7+ Kh8 57. Rd7 g4# 0-1


[Site "https://www.chess.com"]

[Event "Titled Tuesday Blitz June 07 Late 2022"]
[White "Moussard, Jules"]
[Black "Dounis, Alexandros"]
[WhiteFideId "642908"]
[BlackFideId "4213238"]
[WhiteElo "2589"]
[BlackElo "2204"]
[Result "1/2-1/2"]
[Round "06"]
[TimeControl "180+1"]
[Date "2022.06.07"]
[WhiteClock "0:00:09"]
[BlackClock "0:00:26"]

1. f4 e5 2. fxe5 d6 3. exd6 Bxd6 4. Nf3 Nf6 5. Nc3 Ng4 6. Ne4 Nxh2 7. d4 Nxf1 8. Rxf1 Bf5 9. Nxd6+ Qxd6 10. Qd2 Qg3+ 11. Rf2 O-O 12. Qf4 Qxf4 13. Bxf4 Bxc2 14. Rc1 Be4 15. Rxc7 Na6 16. Re7 Rfe8 17. Rxe8+ Rxe8 18. a3 Nb8 19. Bxb8 Rxb8 20. Nd2 Re8 21. g3 g6 22. Nc4 Bd5 23. Ne5 Rc8 24. Kd2 f5 25. g4 Be4 26. gxf5 Bxf5 27. Rf4 Rc2+ 28. Kd1 Rxb2 29. e4 Bh3 30. d5 Rb6 31. Kd2 h5 32. Nc4 Ra6 33. e5 Kg7 34. Nd6 g5 35. Rf7+ Kg6 36. Rf6+ Kh7 37. Rf7+ Kg6 38. Rf6+ Kh7 39. Ne4 Rxf6 40. Nxf6+ Kg6 41. d6 h4 42. Ke3 b5 43. Kd4 Be6 44. Ke3 a5 45. d7 Bxd7 46. Nxd7 Kf5 47. Nb8 b4 48. axb4 axb4 49. Nc6 b3 50. Nd4+ Kxe5 51. Nxb3 Kf5 52. Kf3 g4+ 53. Kg2 Ke4 54. Nd2+ Kd3 55. Nf1 Ke2 56. Nh2 g3 57. Nf1 Kd3 58. Nxg3 hxg3 59. Kxg3 1/2-1/2


[Site "https://www.chess.com"]

[Event "Titled Tuesday Blitz June 07 Late 2022"]
[White "Nakamura, Hikaru"]
[Black "Sjugirov, Sanan"]
[WhiteFideId "2016192"]
[BlackFideId "4189302"]
[WhiteElo "2850"]
[BlackElo "2602"]
[Result "1-0"]
[Round "06"]
[TimeControl "180+1"]
[Date "2022.06.07"]
[WhiteClock "0:00:24"]
[BlackClock "0:00:01"]

1. Nf3 d5 2. e3 Nf6 3. c4 e6 4. b3 c5 5. Bb2 Nc6 6. cxd5 exd5 7. Bb5 Bd6 8. O-O O-O 9. d4 cxd4 10. Nxd4 Qc7 11. Nf3 Qe7 12. Nc3 Rd8 13. Be2 a6 14. Na4 Bf5 15. Rc1 Be6 16. Nd4 Nxd4 17. Qxd4 Rac8 18. Bf3 h6 19. Qh4 Ne4 20. Qxe7 Bxe7 21. Rfd1 b5 22. Nb6 Rxc1 23. Rxc1 Rb8 24. Bd4 Bf6 25. Bxe4 dxe4 26. Bxf6 Rxb6 27. Be5 Bd5 28. Rd1 Rc6 29. h3 Be6 30. Rd2 f6 31. Bb2 Kf7 32. Kh2 h5 33. Kg3 Rc5 34. Bd4 Rc6 35. Kf4 f5 36. Be5 g6 37. Kg5 a5 38. g3 a4 39. bxa4 bxa4 40. Rb2 a3 41. Rb7+ Ke8 42. Ra7 Rc2 43. Bd6 Bxa2 44. Bxa3 Rxf2 45. Kxg6 Rf3 46. Bd6 Bc4 47. Bf4 h4 48. gxh4 Rxh3 49. h5 Be2 50. h6 Bh5+ 51. Kg7 Bg4 52. h7 1-0


[Site "https://www.chess.com"]

[Event "Titled Tuesday Blitz June 07 Late 2022"]
[White "Rasulov, Vugar"]
[Black "Przybylski, Wojciech"]
[WhiteFideId "13402390"]
[BlackFideId "1117599"]
[WhiteElo "2560"]
[BlackElo "2133"]
[Result "1-0"]
[Round "06"]
[TimeControl "180+1"]
[Date "2022.06.07"]
[WhiteClock "0:01:16"]
[BlackClock "0:00:01"]

1. e4 e5 2. Nf3 Nc6 3. Bc4 Nf6 4. d3 Be7 5. O-O O-O 6. c3 d6 7. a4 Na5 8. Ba2 c5 9. Nbd2 Be6 10. Re1 Bxa2 11. Rxa2 Nc6 12. Nf1 Re8 13. Ng3 Bf8 14. h3 h6 15. Ra1 d5 16. Qe2 Qd7 17. Nh4 g6 18. Qf3 dxe4 19. dxe4 Qe6 20. Be3 Na5 21. Rad1 Nc4 22. Bc1 Bg7 23. b3 Na5 24. c4 Nc6 25. Bb2 Nd4 26. Bxd4 cxd4 27. Qd3 Rad8 28. Nf3 Bf8 29. Qb1 Bb4 30. Rf1 Nd7 31. Ne2 Nc5 32. Nc1 f5 33. Nd3 fxe4 34. Nxc5 Bxc5 35. Qxe4 Bb4 36. Qxb7 Bc3 37. Qxa7 Ra8 38. Qb7 Rab8 39. Qe4 Rxb3 40. Rb1 Rxb1 41. Rxb1 Qf5 42. Qd5+ Qf7 43. Qd6 Qe6 44. c5 Qxd6 45. cxd6 e4 46. d7 Rd8 47. Ne5 d3 48. Nxg6 Rxd7 49. Kf1 Bd4 50. Nf4 Kf7 51. a5 Be5 52. g3 Bxf4 53. gxf4 Ra7 54. Rb5 Rc7 55. Rb1 Ke6 56. a6 Ra7 57. Ra1 Kf5 58. f3 Kxf4 59. fxe4 Kxe4 60. Ke1 Ke3 61. Ra3 h5 62. Ra5 h4 63. Re5+ Kd4 64. Re6 Kd5 65. Rh6 Kd4 66. Kd2 Kc4 67. Rxh4+ Kd5 68. Rh6 Ke4 69. h4 Kf4 70. Kxd3 Kg4 71. Kc4 Kf5 72. Kb5 1-0


[Site "https://www.chess.com"]

[Event "Titled Tuesday Blitz June 07 Late 2022"]
[White "Rohl Montes, Juan Armando"]
[Black "Paravyan, David"]
[WhiteFideId "3900487"]
[BlackFideId "4194985"]
[WhiteElo "2359"]
[BlackElo "2569"]
[Result "0-1"]
[Round "06"]
[TimeControl "180+1"]
[Date "2022.06.07"]
[WhiteClock "0:00:07"]
[BlackClock "0:01:33"]

1. e4 e5 2. Nc3 Nf6 3. Nf3 Nc6 4. d4 exd4 5. Nxd4 Bb4 6. Nxc6 bxc6 7. Bd3 O-O 8. O-O d5 9. exd5 Bg4 10. Be2 Bxe2 11. Nxe2 Re8 12. c3 Bc5 13. Bg5 Qxd5 14. Qxd5 cxd5 15. Ng3 Ne4 16. Nxe4 Rxe4 17. Rfe1 Rae8 18. Kf1 f6 19. Bd2 Kf7 20. f3 Rxe1+ 21. Rxe1 Rb8 22. b4 Bd6 23. g3 c5 24. a3 h5 25. Be3 Rc8 26. Rc1 a5 27. bxc5 Bxc5 28. Bxc5 Rxc5 29. Ke2 Rc4 30. Kd3 Ra4 31. Ra1 g5 32. Kc2 g4 33. fxg4 hxg4 34. Kb3 Re4 35. Rd1 Ke6 36. Rd2 a4+ 37. Kc2 Ke5 38. Kd3 d4 0-1


[Site "https://www.chess.com"]

[Event "Titled Tuesday Blitz June 07 Late 2022"]
[White "Rustemov, Alexander"]
[Black "Flores Quillas, Diego Saul Rodri"]
[WhiteFideId "4119002"]
[BlackFideId "3822508"]
[WhiteElo "2765"]
[BlackElo "2167"]
[Result "1-0"]
[Round "06"]
[TimeControl "180+1"]
[Date "2022.06.07"]
[WhiteClock "0:01:08"]
[BlackClock "0:00:21"]

1. d4 Nf6 2. c4 e6 3. Nf3 Bb4+ 4. Bd2 Qe7 5. g3 Nc6 6. Nc3 O-O 7. Bg2 d6 8. O-O e5 9. Nd5 Nxd5 10. cxd5 Bxd2 11. dxc6 Ba5 12. dxe5 dxe5 13. Qd5 Qb4 14. Nxe5 Be6 15. Qe4 Qxe4 16. Bxe4 b5 17. Rfd1 Rfd8 18. Nd7 Bb4 19. Bd5 Re8 20. e4 Bxd5 21. exd5 Bd6 22. Re1 f6 23. Kf1 Kf7 24. a4 b4 25. Rxe8 Rxe8 26. Re1 Ra8 27. b3 a6 28. Re4 Re8 29. f3 Rh8 30. Ke2 h5 31. Kd3 g5 32. Re6 Rh6 33. Rxd6 cxd6 34. c7 Rh8 35. Nb6 Ke7 36. c8=Q 1-0


[Site "https://www.chess.com"]

[Event "Titled Tuesday Blitz June 07 Late 2022"]
[White "Rychagov, Andrey"]
[Black "Ibarra Jerez, Jose Carlos"]
[WhiteFideId "4119932"]
[BlackFideId "2226332"]
[WhiteElo "2460"]
[BlackElo "2628"]
[Result "0-1"]
[Round "06"]
[TimeControl "180+1"]
[Date "2022.06.07"]
[WhiteClock "0:00:12"]
[BlackClock "0:00:07"]

1. d4 d6 2. Nf3 g6 3. c4 Bg7 4. Nc3 e5 5. dxe5 dxe5 6. Qxd8+ Kxd8 7. Be3 Be6 8. O-O-O+ Nd7 9. Ng5 Bxc4 10. b3 h6 11. bxc4 hxg5 12. Bxg5+ Kc8 13. h4 Bh6 14. Bxh6 Nxh6 15. g3 c6 16. Bh3 Nf5 17. Rxd7 Kxd7 18. e4 Ke6 19. exf5+ gxf5 20. Ne4 b6 21. Re1 Rad8 22. Kc2 Rd4 23. Kb2 Rhd8 24. Re3 Rxc4 25. Ng5+ Kf6 26. Rxe5 Kxe5 27. Nxf7+ Kf6 28. Nxd8 Rd4 29. Nxc6 Rd2+ 30. Kb3 Rxf2 31. Nd4 f4 32. g4 Ke5 33. Kc3 Rxa2 34. g5 a5 35. h5 Ra3+ 36. Nb3 a4 37. h6 Rxb3+ 0-1


[Site "https://www.chess.com"]

[Event "Titled Tuesday Blitz June 07 Late 2022"]
[White "Sarana, Alexey"]
[Black "Sargsyan, Anna M."]
[WhiteFideId "24133795"]
[BlackFideId "13308130"]
[WhiteElo "2666"]
[BlackElo "2271"]
[Result "0-1"]
[Round "06"]
[TimeControl "180+1"]
[Date "2022.06.07"]
[WhiteClock "0:00:01"]
[BlackClock "0:00:44"]

1. d4 d5 2. c4 c6 3. Nc3 Nf6 4. Nf3 dxc4 5. g3 e6 6. Bg2 Be7 7. O-O O-O 8. Ne5 c5 9. dxc5 Bxc5 10. Nxc4 Nbd7 11. Bf4 Nb6 12. Nd6 Nbd5 13. Nxd5 Nxd5 14. Bxd5 Bxd6 15. Bxb7 Bxb7 16. Qxd6 Qa5 17. Rfd1 h6 18. f3 Rfc8 19. Qd2 Qa6 20. b3 Rd8 21. Qxd8+ Rxd8 22. Rxd8+ Kh7 23. Rd2 Qb6+ 24. Kg2 f6 25. Rd6 Qb5 26. Rxe6 g5 27. Bd6 g4 28. Re7+ Kg6 29. Rd1 Qc6 30. Rc7 gxf3+ 31. Kf2 Qe4 32. Rd2 fxe2 33. Rxe2 Qf3+ 34. Ke1 Qh1+ 35. Kd2 Bf3 36. Re1 Qxh2+ 37. Kc1 Qxa2 0-1


[Site "https://www.chess.com"]

[Event "Titled Tuesday Blitz June 07 Late 2022"]
[White "Steinberg, Nitzan"]
[Black "Arias Gaviria, Mario Alexis"]
[WhiteFideId "2801795"]
[BlackFideId "3800660"]
[WhiteElo "2471"]
[BlackElo "2174"]
[Result "1-0"]
[Round "06"]
[TimeControl "180+1"]
[Date "2022.06.07"]
[WhiteClock "0:00:52"]
[BlackClock "0:00:13"]

1. e4 c5 2. Nf3 d6 3. c3 Nf6 4. Be2 g6 5. O-O Bg7 6. h3 O-O 7. d3 e5 8. Re1 Nc6 9. a3 h6 10. b4 b6 11. Nbd2 Nh7 12. Nc4 Be6 13. b5 Ne7 14. a4 f5 15. a5 Qc7 16. Nfd2 d5 17. exd5 Nxd5 18. Bb2 Rae8 19. axb6 axb6 20. g3 e4 21. dxe4 Nxc3 22. Bxc3 Bxc3 23. Ra6 Bd4 24. e5 Bxe5 25. Nxe5 Qxe5 26. Rxb6 Bf7 27. Rxg6+ Kh8 28. Rxh6 Rg8 29. Nf3 Qg7 30. Qc1 Bd5 31. Nh4 Qd4 32. Nxf5 Qe4 33. Rxh7+ 1-0


[Site "https://www.chess.com"]

[Event "Titled Tuesday Blitz June 07 Late 2022"]
[White "Svane, Frederik"]
[Black "Agibileg, Uurtsaikh"]
[WhiteFideId "12923044"]
[BlackFideId "4901606"]
[WhiteElo "2459"]
[BlackElo "2205"]
[Result "1-0"]
[Round "06"]
[TimeControl "180+1"]
[Date "2022.06.07"]
[WhiteClock "0:00:39"]
[BlackClock "0:00:04"]

1. e4 c5 2. Nc3 d6 3. g3 Nf6 4. Bg2 g6 5. Nge2 Bg7 6. d3 O-O 7. h3 Nc6 8. Be3 e5 9. Nd5 Nxd5 10. exd5 Ne7 11. c3 b5 12. O-O Bb7 13. Qb3 Rb8 14. f4 Qd7 15. fxe5 dxe5 16. Bxc5 Nxd5 17. Bxf8 Bxf8 18. Rf2 Bc5 19. d4 exd4 20. cxd4 Bb6 21. Raf1 Rf8 22. Kh2 Kg7 23. Nf4 Nxf4 24. Rxf4 Bxg2 25. Kxg2 Bxd4 26. Qd3 Qb7+ 27. Qe4 Qxe4+ 28. Rxe4 Bxb2 29. Rb1 Bf6 30. Rxb5 Rc8 31. Ra5 Rc2+ 32. Kf3 Rc3+ 33. Re3 Rc7 34. Ra4 Bc3 35. Re2 Rd7 36. Re3 Rc7 37. Rd3 h5 38. Rd6 Be5 39. Rd3 Bc3 40. g4 hxg4+ 41. hxg4 Bf6 42. Rda3 Rc1 43. Rxa7 Rf1+ 44. Kg2 Rb1 45. Rb3 Rc1 46. Rbb7 Rc2+ 47. Kf3 Rc3+ 48. Ke2 Kh6 49. Rxf7 Bd4 50. Ra5 Rg3 51. g5+ Kh5 52. Rh7+ Kg4 53. Ra4 Re3+ 54. Kd2 Re4 55. Kd3 1-0


[Site "https://www.chess.com"]

[Event "Titled Tuesday Blitz June 07 Late 2022"]
[White "Svane, Rasmus"]
[Black "Wieczorek, Oskar"]
[WhiteFideId "4657101"]
[BlackFideId "1133950"]
[WhiteElo "2674"]
[BlackElo "2330"]
[Result "1-0"]
[Round "06"]
[TimeControl "180+1"]
[Date "2022.06.07"]
[WhiteClock "0:00:08"]
[BlackClock "0:00:03"]

1. Nf3 g6 2. e4 c5 3. d4 cxd4 4. Nxd4 Nc6 5. c4 Nf6 6. Nc3 d6 7. Be2 Nxd4 8. Qxd4 Bg7 9. Be3 O-O 10. Qd2 a5 11. O-O a4 12. Rac1 Qa5 13. Rc2 Be6 14. Rb1 Rfc8 15. b3 axb3 16. axb3 Qb4 17. f3 Ra3 18. Nb5 Qxd2 19. Rxd2 Raa8 20. Kf2 Nd7 21. Nd4 Nc5 22. b4 Na4 23. Nxe6 fxe6 24. Rb3 Nc3 25. Bd3 Ra1 26. Kg3 Rca8 27. c5 d5 28. b5 dxe4 29. Bxe4 Be5+ 30. Kh3 Nxe4 31. fxe4 R8a4 32. Rc2 Rxe4 33. c6 bxc6 34. bxc6 Re1 35. Bb6 g5 36. g3 Rg1 37. c7 g4+ 38. Kh4 Bxc7 39. Bxc7 Kf7 40. Rf2+ Kg6 41. Rb5 Ree1 42. Rg5+ 1-0


[Site "https://www.chess.com"]

[Event "Titled Tuesday Blitz June 07 Late 2022"]
[White "Urazayev, Arystanbek"]
[Black "Sadhwani, Raunak"]
[WhiteFideId "13709810"]
[BlackFideId "35093487"]
[WhiteElo "2422"]
[BlackElo "2616"]
[Result "1-0"]
[Round "06"]
[TimeControl "180+1"]
[Date "2022.06.07"]
[WhiteClock "0:00:15"]
[BlackClock "0:00:01"]

1. d4 f5 2. e4 fxe4 3. Nc3 Nf6 4. Bg5 g6 5. h4 Bg7 6. h5 Nxh5 7. Rxh5 gxh5 8. Qxh5+ Kf8 9. Bh6 e6 10. Nxe4 Qe7 11. O-O-O d5 12. Ng5 Nd7 13. N1f3 Nf6 14. Qh4 Bxh6 15. Qxh6+ Qg7 16. Qh3 e5 17. Ne6+ Bxe6 18. Qxe6 Re8 19. Qh3 e4 20. Ne5 Qg5+ 21. Kb1 Qh5 22. Qa3+ Re7 23. g4 Qg5 24. Be2 Ne8 25. f4 exf3 26. Nxf3 Qf6 27. Ne5 Kg7 28. g5 Qxg5 29. Nf3 Qf6 30. Rg1+ Kf8 31. Ne5 Qd6 32. Rf1+ Kg8 33. Qf3 Rg7 34. Nf7 Qe7 35. Nh6# 1-0


[Site "https://www.chess.com"]

[Event "Titled Tuesday Blitz June 07 Late 2022"]
[White "Uskov, Artem"]
[Black "Bluebaum, Matthias"]
[WhiteFideId "34254854"]
[BlackFideId "24651516"]
[WhiteElo "2335"]
[BlackElo "2556"]
[Result "0-1"]
[Round "06"]
[TimeControl "180+1"]
[Date "2022.06.07"]
[WhiteClock "0:00:22"]
[BlackClock "0:00:43"]

1. e4 c6 2. d4 d5 3. f3 e6 4. Nc3 Qb6 5. a3 Nd7 6. Be3 Be7 7. Rb1 Ngf6 8. Qd2 dxe4 9. fxe4 Ng4 10. Nf3 Nxe3 11. Qxe3 e5 12. Bc4 O-O 13. Ne2 exd4 14. Nfxd4 Ne5 15. Bb3 Bg4 16. Nf5 Bc5 17. Qg3 Rae8 18. Nxg7 Kxg7 19. h3 Qa5+ 20. Nc3 Ng6 21. hxg4 Rxe4+ 22. Kf1 Rf4+ 23. Ke1 Bf2+ 24. Qxf2 Rxf2 25. Kxf2 Qc5+ 26. Kf3 Ne5+ 27. Kf4 Qd4+ 28. Ne4 Ng6+ 29. Kf3 f5 30. Ng5 Qxg4+ 0-1


[Site "https://www.chess.com"]

[Event "Titled Tuesday Blitz June 07 Late 2022"]
[White "Vasquez Schroeder, Rodrigo"]
[Black "Domingo Nunez, Ruben"]
[WhiteFideId "3400042"]
[BlackFideId "22245570"]
[WhiteElo "2567"]
[BlackElo "2376"]
[Result "1/2-1/2"]
[Round "06"]
[TimeControl "180+1"]
[Date "2022.06.07"]
[WhiteClock "0:00:07"]
[BlackClock "0:00:06"]

1. e4 Nc6 2. Nf3 d5 3. Nc3 d4 4. Ne2 Bg4 5. Ng3 h5 6. h4 a6 7. Bc4 e6 8. Be2 Be7 9. d3 g6 10. Ng5 Bxe2 11. Nxe2 Qd7 12. g3 Nh6 13. Nf4 Ne5 14. Qe2 O-O-O 15. Bd2 Qb5 16. O-O-O Rd6 17. c4 dxc3 18. Bxc3 Rc6 19. d4 Rxc3+ 20. bxc3 Nc4 21. Nd3 a5 22. Kc2 Na3+ 23. Kd2 Bxg5+ 24. hxg5 Qxg5+ 25. Ke1 Ng4 26. Kf1 f5 27. Nf4 Re8 28. e5 c6 29. c4 Qe7 30. f3 Nh6 31. Rb1 h4 32. Rxh4 Qg7 33. Rh2 g5 34. Nh5 Qg6 35. Nf6 Rd8 36. Rb3 f4 37. Rxa3 Nf5 38. Kg2 Nxg3 39. Qd3 Nf5 40. d5 exd5 41. cxd5 g4 42. fxg4 Ne3+ 43. Kf3 Qg5 44. Qe4 cxd5 45. Rc3+ Kb8 46. Qh7 Qxe5 47. Qc7+ Qxc7 48. Rxc7 Kxc7 49. Kxf4 Nc4 50. g5 d4 51. g6 d3 52. g7 d2 53. Rh1 Nb2 54. Rb1 d1=Q 55. Rxd1 Nxd1 56. g8=Q Rxg8 57. Nxg8 Nc3 58. a3 Nb1 59. a4 Nc3 60. Ke5 Nxa4 61. Kd5 Nb6+ 62. Kc5 Nd7+ 63. Kb5 b6 64. Ne7 Kb7 65. Nd5 Ka7 66. Nxb6 Nxb6 67. Kxa5 1/2-1/2


[Site "https://www.chess.com"]

[Event "Titled Tuesday Blitz June 07 Late 2022"]
[White "Xiong, Jeffery"]
[Black "Licznerski, Lukasz"]
[WhiteFideId "2047640"]
[BlackFideId "1179250"]
[WhiteElo "2714"]
[BlackElo "2387"]
[Result "1-0"]
[Round "06"]
[TimeControl "180+1"]
[Date "2022.06.07"]
[WhiteClock "0:01:17"]
[BlackClock "0:00:07"]

1. e4 c6 2. c4 d5 3. exd5 cxd5 4. d4 Nf6 5. Nc3 g6 6. Qb3 Bg7 7. cxd5 O-O 8. Be2 Na6 9. Bf3 Qb6 10. Qd1 Rd8 11. Nge2 Bg4 12. Bxg4 Nxg4 13. O-O Nf6 14. Nf4 Nb4 15. Qb3 Kf8 16. Na4 Qxd4 17. Be3 Qe4 18. Nc5 Qf5 19. Qxb4 g5 20. Nfe6+ fxe6 21. Nxe6+ Kf7 22. Qxb7 Rdb8 23. Nxg7 Kxg7 24. Qxe7+ Kg6 25. Rad1 Re8 26. Qa3 a5 27. d6 Rad8 28. Bb6 Rd7 29. Qxa5 Re5 30. Qa4 Rb5 31. Be3 Rxb2 32. Bd4 Rb8 33. Bxf6 Qxf6 34. Qxd7 1-0


[Site "https://www.chess.com"]

[Event "Titled Tuesday Blitz June 07 Late 2022"]
[White "Zhurbinsky, David"]
[Black "Ivanisevic, Ivan"]
[WhiteFideId "2072904"]
[BlackFideId "912417"]
[WhiteElo "2546"]
[BlackElo "2535"]
[Result "1-0"]
[Round "06"]
[TimeControl "180+1"]
[Date "2022.06.07"]
[WhiteClock "0:00:08"]
[BlackClock "0:00:08"]

1. e4 e5 2. Nf3 Nc6 3. Bb5 a6 4. Ba4 Bc5 5. O-O Nge7 6. c3 Ba7 7. d4 Ng6 8. Bg5 f6 9. Be3 O-O 10. Nbd2 d6 11. h3 Kh8 12. Qe2 exd4 13. cxd4 f5 14. exf5 Bxf5 15. Bg5 Qc8 16. d5 Bxh3 17. gxh3 Qxh3 18. dxc6 Qg4+ 19. Kh1 Qh3+ 20. Nh2 b5 21. Bc2 Ne5 22. f4 Nf7 23. Qg4 Nxg5 24. fxg5 Qxg4 25. Nxg4 Bd4 26. Rxf8+ Rxf8 27. a4 Bxb2 28. Rb1 Bc3 29. axb5 axb5 30. Ne4 Bd4 31. Rxb5 h5 32. gxh6 gxh6 33. Nxh6 Rf4 34. Nf7+ Kg7 35. Nfg5 Rh4+ 36. Kg2 Be5 37. Ng3 Rg4 38. Ne4 Kf7 39. Kf3 Rg7 40. Rb7 Ke6 41. Bb3+ d5 42. Nc5+ Kf6 43. Bxd5 Rxg3+ 44. Kf2 Rg7 45. Nd7+ Kf5 46. Bf3 Bd6 47. Rb5+ Kf4 48. Nf6 Rf7 49. Nh5# 1-0


[Site "https://www.chess.com"]

[Event "Titled Tuesday Blitz June 07 Late 2022"]
[White "Abarca Gonzalez, Nicolas"]
[Black "Martinez Alcantara, Jose Eduardo"]
[WhiteFideId "3409422"]
[BlackFideId "3805662"]
[WhiteElo "2504"]
[BlackElo "2703"]
[Result "0-1"]
[Round "07"]
[TimeControl "180+1"]
[Date "2022.06.07"]
[WhiteClock "0:00:31"]
[BlackClock "0:00:11"]

1. e4 c5 2. Nf3 d6 3. Bc4 e6 4. Qe2 Nc6 5. c3 Nf6 6. d4 cxd4 7. cxd4 d5 8. exd5 Nxd5 9. Bxd5 Qxd5 10. Nc3 Bb4 11. O-O Bxc3 12. bxc3 O-O 13. c4 Nxd4 14. Nxd4 Qxd4 15. Bb2 Qh4 16. Rad1 f6 17. Rd4 Qg5 18. f4 Qc5 19. Qe3 b5 20. cxb5 Qxb5 21. Ba3 Re8 22. Rc1 Ba6 23. h3 Rac8 24. Rxc8 Bxc8 25. Rd6 a6 26. Qa7 Qc4 27. Qf2 Bb7 28. Qg3 Be4 29. Rd7 Bg6 30. h4 Qb5 31. Rd2 Qc4 32. Rd7 Qb5 33. Rd2 Bf5 34. h5 h6 35. Bb2 Kh7 36. Kh2 Be4 37. Qg4 Bf5 38. Qg3 Rc8 39. Bd4 Qe8 40. Qf3 Qc6 41. g3 Qxf3 0-1


[Site "https://www.chess.com"]

[Event "Titled Tuesday Blitz June 07 Late 2022"]
[White "Agibileg, Uurtsaikh"]
[Black "Gurevich, Dmitry"]
[WhiteFideId "4901606"]
[BlackFideId "2000407"]
[WhiteElo "2205"]
[BlackElo "2506"]
[Result "0-1"]
[Round "07"]
[TimeControl "180+1"]
[Date "2022.06.07"]
[WhiteClock "0:00:03"]
[BlackClock "0:00:06"]

1. d4 Nf6 2. c4 a6 3. Nc3 c5 4. Nf3 cxd4 5. Nxd4 d5 6. cxd5 Nxd5 7. Nxd5 Qxd5 8. e3 e5 9. Nb3 Qxd1+ 10. Kxd1 Be6 11. Be2 Nc6 12. Bf3 O-O-O+ 13. Ke2 Bc4+ 14. Ke1 Nb4 15. Be4 g6 16. Nd2 Be6 17. a3 Na2 18. Ke2 f5 19. Bb1 Nxc1+ 20. Rxc1+ Kb8 21. f3 e4 22. fxe4 Bg7 23. Ba2 Bd7 24. Rab1 fxe4 25. Nxe4 Bf5 26. Nc5 Bxb1 27. Rxb1 Rhe8 28. Ne6 Rd7 29. Nxg7 Rxg7 30. Rd1 Kc8 31. Bc4 Rge7 32. Rd3 b5 33. Bd5 Kc7 34. e4 Kb6 35. Ke3 a5 36. Kd4 a4 37. Rf3 Rc8 38. Rf6+ Ka5 39. Kd3 Rc1 40. g4 Rd1+ 41. Kc2 Re1 42. Kd2 Rg1 43. h3 Rg3 44. Be6 Rxh3 45. Bc8 Rh2+ 46. Ke3 b4 47. axb4+ Kxb4 48. Rb6+ Kc5 49. Rb8 Rh3+ 50. Kf4 h6 51. Ra8 Kb4 52. g5 Rh4+ 53. Kg3 hxg5 54. Ba6 Rhxe4 55. Rb8+ Kc5 56. Bf1 Rf4 57. Rb5+ Kc6 58. Rxg5 Rf6 59. Rxg6 Rxg6+ 60. Kf3 Rd6 61. Bg2 Rf6+ 62. Kg4+ Kd6 63. Kg5 Rfe6 64. Bh3 Re5+ 65. Kf4 Re8 66. Bg2 Rf8+ 67. Kg4 Re7 68. Be4 Rg7+ 69. Kh5 Rh8+ 70. Bh7 Rhxh7# 0-1


[Site "https://www.chess.com"]

[Event "Titled Tuesday Blitz June 07 Late 2022"]
[White "Alexiadis, Hristos"]
[Black "Adewumi, Tanitoluwa"]
[WhiteFideId "4249623"]
[BlackFideId "30966396"]
[WhiteElo "2416"]
[BlackElo "2538"]
[Result "0-1"]
[Round "07"]
[TimeControl "180+1"]
[Date "2022.06.07"]
[WhiteClock "0:00:06"]
[BlackClock "0:00:05"]

1. e4 c5 2. Nf3 e6 3. d3 d5 4. Qe2 Nf6 5. g3 Nc6 6. Bg2 Be7 7. O-O O-O 8. e5 Nd7 9. c4 d4 10. h4 Qc7 11. Bf4 b6 12. Nbd2 Bb7 13. Rfe1 Rfb8 14. a3 a5 15. Rab1 a4 16. Nh2 Na5 17. Bxb7 Qxb7 18. Ng4 h5 19. Nh2 g6 20. Ne4 b5 21. cxb5 Qxb5 22. g4 hxg4 23. Qxg4 Kf8 24. Bh6+ Ke8 25. Nd6+ Bxd6 26. exd6 Qxd3 27. Rxe6+ fxe6 28. Qxe6+ Kd8 29. Bg5+ Kc8 30. Qe8+ Kb7 31. Qxd7+ Ka6 32. Rc1 Nb3 33. Qc6+ Ka5 34. Re1 Qb5 35. Qc7+ Qb6 36. Qf7 Qc6 37. Nf1 Rf8 38. Qc4 Qf3 39. Re2 d3 40. Rd2 Kb6 41. Nh2 Nxd2 42. Bd8+ Raxd8 43. Qc3 Qxf2+ 44. Kh1 Qe1+ 45. Kg2 Qe2+ 46. Kh3 Ne4 47. Qg7 Qe3+ 48. Kg4 Qf4+ 49. Kh3 Qg3# 0-1


[Site "https://www.chess.com"]

[Event "Titled Tuesday Blitz June 07 Late 2022"]
[White "Araujo Sanchez, Josue"]
[Black "Pinheiro, Iung Alicio de O."]
[WhiteFideId "6416896"]
[BlackFideId "2104350"]
[WhiteElo "2339"]
[BlackElo "2283"]
[Result "1-0"]
[Round "07"]
[TimeControl "180+1"]
[Date "2022.06.07"]
[WhiteClock "0:01:58"]
[BlackClock "0:00:16"]

1. c4 c5 2. Nc3 g6 3. g3 Bg7 4. Bg2 Nc6 5. e3 h5 6. h3 d6 7. Nge2 h4 8. g4 f5 9. g5 e5 10. f4 Nge7 11. O-O Rb8 12. d3 Be6 13. Nd5 Bf7 14. Rb1 Nxd5 15. cxd5 Ne7 16. e4 O-O 17. Be3 b6 18. Qe1 c4 19. dxc4 b5 20. cxb5 fxe4 21. Nc3 Nxd5 22. Nxd5 Bxd5 23. Qxh4 exf4 24. Rxf4 Rxb5 25. Rxf8+ Qxf8 26. Rd1 Qf5 27. b3 Bb7 28. Rxd6 Rd5 29. Rxd5 Qxd5 30. Qf4 Be5 31. Qf2 a5 32. Qd2 Kf7 33. h4 a4 34. bxa4 Qxd2 35. Bxd2 e3 36. Bxe3 1-0


[Site "https://www.chess.com"]